 Dungeon Crawl Stone Soup version 0.28-a0-938-gbc3f381ebc (webtiles) character file.

Game seed: 381049543641387083

95 greenreed the Magician (level 4, -5/32 HPs)
             Began as a Gnoll Hedge Wizard on Nov 28, 2021.
             Was a Follower of Dithmenos.
             Killed from afar by Natasha (9 damage)
             ... with a magic dart
             ... on level 2 of the Dungeon.
             The game lasted 00:08:38 (2786 turns).

greenreed the Magician (Gnoll Hedge Wizard)         Turns: 2786, Time: 00:08:38

Health: -5/32      AC:  2    Str:  9    XL:     4   Next: 66%
Magic:  10/13      EV: 13    Int: 15    God:    Dithmenos [*.....]
Gold:   40         SH:  0    Dex: 11    Spells: 15/17 levels left

rFire   . . .      SeeInvis .   a - +0 dagger
rCold   . . .      Faith    .   (no shield)
rNeg    . . .      Spirit   .   b - +0 robe
rPois   .          Reflect  .   c - +0 hat
rElec   .          Harm     .   (no cloak)
rCorr   .          Rampage  .   (no gloves)
Will    .....                   (no boots)
Stlth   +++.......              (no amulet)
HPRegen 0.10/turn               (no ring)
MPRegen 0.13/turn               (no ring)

@: slowed, wreathed by umbra, very slow
A: fangs 1, strong nose, distributed training
a: Renounce Religion


You were on level 2 of the Dungeon.
You worshipped Dithmenos.
Dithmenos was aware of your devotion.
You visited 1 branch of the dungeon, and saw 2 of its levels.

You collected 40 gold pieces.

Inventory:

Hand Weapons
 a - a +0 dagger (weapon)
Missiles
 g - 17 poisoned darts
Armour
 b - a +0 robe (worn)
 c - a +0 hat (worn)
Scrolls
 d - a scroll of acquirement {unknown}
 h - a scroll of enchant armour {unknown}
 i - 2 scrolls of fog {unknown}
 j - a scroll of holy word {unknown}
 l - a scroll of identify {unknown}
Potions
 e - a potion of mutation {unknown}
 f - a potion of brilliance {unknown}
 k - a potion of experience {unknown}
 m - a potion of haste {unknown}


   Skills:
 + Level 1.2 Fighting
 + Level 1.2 Short Blades
 + Level 1.2 Long Blades
 + Level 1.2 Axes
 + Level 1.2 Maces & Flails
 + Level 1.2 Polearms
 + Level 1.2 Staves
 + Level 1.2 Slings
 + Level 1.2 Bows
 + Level 1.2 Crossbows
 + Level 1.2 Throwing
 + Level 1.2 Armour
 + Level 4.6 Dodging
 + Level 4.3 Stealth
 + Level 1.2 Shields
 + Level 1.2 Unarmed Combat
 + Level 7.2 Spellcasting
 + Level 2.2 Conjurations
 + Level 1.0 Hexes
 + Level 2.2 Summonings
 + Level 1.0 Necromancy
 + Level 2.2 Translocations
 + Level 1.0 Transmutations
 + Level 1.0 Fire Magic
 + Level 1.0 Ice Magic
 + Level 1.0 Air Magic
 + Level 1.0 Earth Magic
 + Level 1.0 Poison Magic
 + Level 1.3 Invocations
 + Level 1.2 Evocations


You had 15 spell levels left.
You knew the following spells:

 Your Spells              Type           Power      Damage    Failure   Level
a - Magic Dart            Conj           48%        1d5       4%          1
b - Slow                  Hex            32%        N/A       9%          1

Your spell library contained the following spells:

 Spells                   Type           Power      Damage    Failure   Level
 Blink                    Tloc           24%        N/A       8%          2
 Call Imp                 Summ           12%        N/A       8%          2
 Conjure Flame            Conj/Fire      10%        6-21      21%         3
 Mephitic Cloud           Conj/Pois/Air  9%         N/A       22%         3


Dungeon Overview and Level Annotations

Branches:
Dungeon (2/15)

Altars:
Dithmenos

Annotations:
D:2 Natasha


Innate Abilities, Weirdness & Mutations

You have very sharp teeth.
Your uncanny sense of smell can sniff out nearby items.
Your experience applies equally to all skills.


Message History

Aim: Natasha (chance to affect: 43%) Natasha seems to slow down.
Casting: Slow (safe; 9% risk of failure)
Confirm with . or Enter, or press ? or * to list all spells.
Aiming: Magic Dart (safe; 4% risk of failure)
Press: ? - help, Shift-Dir - straight line, f/p - Natasha
Aim: Natasha (slow, 100% to hit)
The magic dart hits Natasha.
Natasha is moderately wounded.
Natasha completely misses you.
You hit Natasha but do no damage.
Natasha is moderately wounded.
Natasha claws you.
You barely miss Natasha.
Natasha is moderately wounded.
Natasha casts a spell at you. The magic dart hits you!
Casting: Magic Dart (safe; 4% risk of failure)
Confirm with . or Enter, or press ? or * to list all spells.
Aiming: Magic Dart (safe; 4% risk of failure)
Press: ? - help, Shift-Dir - straight line, f/p - Natasha
Aim: Natasha (moderately wounded, slow, umbra, 100% to hit)
The magic dart hits Natasha.
Natasha is moderately wounded.
Natasha claws you.
Unknown command.
Casting: Magic Dart (safe; 4% risk of failure)
Confirm with . or Enter, or press ? or * to list all spells.
Aiming: Magic Dart (safe; 4% risk of failure)
Press: ? - help, Shift-Dir - straight line, f/p - Natasha
Aim: Natasha (moderately wounded, slow, umbra, 100% to hit)
The magic dart hits Natasha but does no damage.
Natasha is moderately wounded.
Natasha casts a spell at you. The magic dart hits you!
* * * LOW HITPOINT WARNING * * *
Natasha is no longer moving slowly.
Natasha stares at you and mumbles some strange words.
The magic dart hits you!
You die...

#.# #.##.# #..
#.# #.##.## #.#
#.#
#.....########.#
#.#
#..#.#....†....#
#.#
#..##.##########
#.# #..##.# #.#
##..##.#
#.#####h..##.#
#.....@#..##.#
#####
#######..........
..... #.#..).....
..... #.####.####
##.## #.# .# #..
. ∆ ### . ##


You could see Natasha.

Vanquished Creatures
  Natasha (D:2)
  2 adders (D:2)
  A worm (D:2)
  A dart slug (D:1)
  3 ball pythons
  An endoplasm (D:2)
  9 giant cockroaches
  5 goblins
  5 hobgoblins
  4 kobolds
  4 quokkas
  A bat (D:1)
  A frilled lizard (D:1)
  5 rats
43 creatures vanquished.

Vanquished Creatures (others)
  6 demonic plants (D:2)
  7 fungi (D:2)
  3 plants (D:2)
  2 withered plants (D:2)
18 creatures vanquished.

Grand Total: 61 creatures vanquished

Notes
Turn   | Place    | Note
-------+----------+-------------------------------------------
     0 | D:1      | greenreed the Gnoll Hedge Wizard began the quest for the
                  | Orb.
     0 | D:1      | Reached XP level 1. HP: 13/13 MP: 8/8
   411 | D:1      | Reached XP level 2. HP: 19/19 MP: 7/10
  1026 | D:1      | Reached XP level 3. HP: 25/25 MP: 8/11
  1037 | D:1      | Learned a level 1 spell: Slow
  1494 | D:2      | Reached skill level 1 in Invocations
  1646 | D:2      | Reached skill level 1 in Fighting
  1646 | D:2      | Reached skill level 1 in Short Blades
  1646 | D:2      | Reached skill level 1 in Long Blades
  1646 | D:2      | Reached skill level 1 in Axes
  1646 | D:2      | Reached skill level 1 in Maces & Flails
  1646 | D:2      | Reached skill level 1 in Polearms
  1646 | D:2      | Reached skill level 1 in Staves
  1646 | D:2      | Reached skill level 1 in Slings
  1646 | D:2      | Reached skill level 1 in Bows
  1646 | D:2      | Reached skill level 1 in Crossbows
  1646 | D:2      | Reached skill level 1 in Throwing
  1646 | D:2      | Reached skill level 1 in Armour
  1646 | D:2      | Reached skill level 1 in Shields
  1646 | D:2      | Reached skill level 1 in Unarmed Combat
  1646 | D:2      | Reached skill level 1 in Evocations
  1994 | D:2      | Reached XP level 4. HP: 32/32 MP: 10/13
  2167 | D:2      | Found a faded altar of an unknown god.
  2320 | D:2      | Prayed at the altar of an unknown god.
  2320 | D:2      | Became a worshipper of Dithmenos the Shadowed
  2320 | D:2      | Reached * piety under Dithmenos
  2427 | D:2      | Noticed Natasha
  2440 | D:2      | Killed Natasha
  2441 | D:2      | Reached skill level 1 in Hexes
  2441 | D:2      | Reached skill level 1 in Necromancy
  2441 | D:2      | Reached skill level 1 in Transmutations
  2441 | D:2      | Reached skill level 1 in Fire Magic
  2441 | D:2      | Reached skill level 1 in Ice Magic
  2441 | D:2      | Reached skill level 1 in Air Magic
  2441 | D:2      | Reached skill level 1 in Earth Magic
  2441 | D:2      | Reached skill level 1 in Poison Magic
  2776 | D:2      | Noticed Natasha
  2786 | D:2      | Killed from afar by Natasha

Illustrated notes

Levels and vault maps discovered:
D:1:      co_arrival_random_square_maze, layout_loops_ring,
          minmay_worlds_worst_comb
D:2:      layout_loops_ring, shapermc_ecumenical_altar_gd, uniq_natasha

Skill      XL: |  1  2  3  4 |
---------------+-------------+-----
Conjurations   | 2 |  2.2
Summonings     | 2 |  2.2
Translocations | 2 |  2.2
Invocations    | 1 |  1.3
Fighting       | 1 |  1.2
Short Blades   | 1 |  1.2
Long Blades    | 1 |  1.2
Axes           | 1 |  1.2
Maces & Flails | 1 |  1.2
Polearms       | 1 |  1.2
Staves         | 1 |  1.2
Slings         | 1 |  1.2
Bows           | 1 |  1.2
Crossbows      | 1 |  1.2
Throwing       | 1 |  1.2
Armour         | 1 |  1.2
Shields        | 1 |  1.2
Unarmed Combat | 1 |  1.2
Evocations     | 1 |  1.2
Hexes          | 1 |  1.0
Necromancy     | 1 |  1.0
Transmutations | 1 |  1.0
Fire Magic     | 1 |  1.0
Ice Magic      | 1 |  1.0
Air Magic      | 1 |  1.0
Earth Magic    | 1 |  1.0
Poison Magic   | 1 |  1.0
Dodging        | |  4.6
Stealth        | |  4.3
Spellcasting   | |  7.2

Action                   |  1- 3 |  4- 6 || total
-------------------------+-------+-------++-------
Melee: Dagger            |    76 |    16 ||    92
       Bite              |     8 |       ||     8
       Punch             |     1 |       ||     1
 Cast: Magic Dart        |    60 |    30 ||    90
       Slow              |       |     1 ||     1
 Stab: Sleeping          |     6 |     2 ||     8
Armor: Robe              |    11 |     2 ||    13
Dodge: Dodged            |    58 |    13 ||    71

Table legend: (Time is in decaauts)
 A = Elapsed time spent in this place.
 B = Non-inter-level travel time spent in this place.
 C = Inter-level travel time spent in this place.
 D = Time resting spent in this place.
 E = Time spent auto-exploring this place.
 F = Levels seen in this place.
 G = Mean time per level.
                   A        B        C        D        E       F      G
               +--------+--------+--------+--------+--------+-----+--------+
         Total |   2788 |   2756 |     32 |    961 |   1397 |   2 | 1394.0 |
       Dungeon |   2788 |   2756 |     32 |    961 |   1397 |   2 | 1394.0 |
               +--------+--------+--------+--------+--------+-----+--------+

Top non-repeatable levels by time:
     D:1: 1927 daAuts
     D:2: 860 daAuts
